 Dungeon Crawl Stone Soup version 0.16-a0-4092-gb8933cd (webtiles) character file.

5063 Speissi the Nimble (level 10, -5/84 (88) HPs)
             Began as a White Draconian Chaos Knight on Feb 24, 2015.
             Slain by a small abomination (14 damage)
             ... on level 1 of the Abyss.
             The game lasted 01:01:20 (8537 turns).

Speissi the Nimble (White Draconian Chaos Knight)   Turns: 8537, Time: 01:01:21

HP:   -5/84 (88)    AC: 15    Str: 18    XL:     10   Next: 31%
MP:   9/9           EV: 16    Int: 14    God:    Xom [*.....]
Gold: 416           SH:  0    Dex: 11    Spells: 0 memorised, 9 levels left

rFire  . . .     SeeInvis .     E - +3 trident (protect)
rCold  + . .     Clarity  +     (armour unavailable)
rNeg   . . .     SustAb   .     (no shield)
rPois  .         Gourm    .     (helmet restricted)
rElec  .         Spirit   .     (no cloak)
rCorr  .         Warding  .     j - +1 pair of gloves
rMut   .         Stasis   .     C - +0 pair of boots
MR     .....                    q - amulet of regeneration
Stlth  ++........               (no ring)
                                (no ring)

@: drained, not resistant to hostile enchantments, unstealthy
A: breathe frost, unfitting armour, hooves 1, stinger 1, breathe flames 1,
clarity, clever 1, cold resistance 1, low mp 1, screaming 1, wild magic 1,
cold-blooded, AC +7
a: Breathe Frost, Renounce Religion, Breathe Fire


You were on level 1 of the Abyss.
You worshipped Xom.
You were a special plaything of Xom.
You were not hungry.

You visited 1 branch of the dungeon, and saw 9 of its levels.
You visited the Abyss 1 time.
You also visited: Ossuary.

You collected 416 gold pieces.

Inventory:

Hand weapons
 a - a +1 spear of chaos
 u - a +3 spear
 z - a +2 short sword of chaos
 E - a +3 trident of protection (weapon)
Armour
 j - a +1 pair of gloves (worn)
 C - a +0 pair of boots (worn)
Jewellery
 p - an uncursed amulet of warding
 q - an amulet of regeneration (around neck)
Magical devices
 e - a wand of confusion (22)
 A - a wand of draining (5)
 G - a wand of draining (9)
Scrolls
 h - 3 scrolls of remove curse
 i - a scroll of amnesia {unknown}
 l - a scroll of fog {unknown}
 w - a scroll of immolation {unknown}
 y - a scroll of fear {unknown}
 D - 5 scrolls of teleportation {unknown}
 J - a scroll of enchant armour {unknown}
Potions
 d - a potion of agility
 f - a potion of poison {unknown}
 g - a potion of cancellation {unknown}
 k - 2 potions of mutation
 m - 4 potions of restore abilities
 n - 4 potions of curing
 o - a potion of ambrosia
 s - 3 potions of haste
 t - a potion of invisibility {unknown}
 v - a potion of lignification {unknown}
 x - 2 potions of brilliance {unknown}
 H - a potion of flight {unknown}
Books
 r - a book of Alchemy

   Spells                             Type                      Level
   a - Sublimation of Blood           Necromancy                   2
   b - Alistair's Intoxication        Transmutation/Poison         4
   c - Condensation Shield            Ice                          4
   d - Petrify                        Transmutation/Earth          4
   e - Ignite Poison                  Fire/Transmutation           5
   f - Irradiate                      Conjuration/Transmutation    5
 F - a book of Maledictions

   Spells                             Type                      Level
   a - Corona                         Hexes                        1
   b - Sure Blade                     Hexes/Charms                 2
   c - Ensorcelled Hibernation        Hexes/Ice                    2
   d - Confuse                        Hexes                        3
   e - Dazzling Spray                 Conjuration/Hexes            3
   f - Enslavement                    Hexes                        4
Comestibles
 c - 6 bread rations
 B - 8 beef jerkies


   Skills:
 + Level 8.1(7.7) Fighting
 + Level 8.6(8.2) Polearms
 + Level 10.1(9.7) Dodging
 - Level 2.0(1.7) Stealth
 + Level 1.3(0.9) Unarmed Combat
 + Level 0.4(0.1) Evocations


You had 9 spell levels left.
You didn't know any spells.

Dungeon Overview and Level Annotations

Branches:
Dungeon (9/15)             Temple (0/1) D:4
   Lair: D:8-11         Orc: D:9-12

Altars:
Elyvilon
Fedhas
Kikubaaqudgha
Ru
Sif Muna
Yredelemnul
The Shining One

Shops:
D:4 (   D:9 *

Annotations:
D:6 Grinder; Prince Ribbit; dithyrambik's ghost, experienced CeHu
D:9 Erolcha


Innate Abilities, Weirdness & Mutations

You can breathe waves of freezing cold.
You can buffet flying creatures when you breathe cold.
Your icy white scales are hard (AC +7).
Your body does not fit into most forms of armour.
Your flesh is cold resistant.
Your cold-blooded metabolism reacts poorly to cold.
You have large cloven feet.
Your tail ends in a poisonous barb.
You can breathe flames.
You possess an exceptional clarity of mind.
Your mind is acute. (Int +2)
Your magical capacity is low (-10% MP).
You occasionally shout uncontrollably at your foes.
Your spells are a little harder to cast, but a little more powerful.


Message History

Something smites you!
* * * LOW HITPOINT WARNING * * *
You feel sick.
Found 38 gold pieces.
A large abomination comes into view.
You feel sick.
You offer a prayer to Xom.
You hear crickets chirping.
You start resting.
You feel sick.
You are no longer poisoned.
You start resting.
You hit the small abomination.
The small abomination is lightly damaged.
The small abomination hits you!
* * * LOW HITPOINT WARNING * * *
Drink which item? (? for menu, Esc to quit)
The ambrosia would have no effect on you.
Drink which item? (? for menu, Esc to quit)
You feel better. The small abomination hits you!
You die...

# . #.. # #.X
. ##.### #
#.##..##
###.x##.# #
#$x###..# . #
#
#+#######@##
## .
#........####
# #.###
##.... . ...
..+. .... ..
.. # #.
......8. 8###
##### #.. .
.....8# # .
...3.. ..#
....... .8..#
#.. #.....#.
# ## ...
.....#


You could see a small abomination.

Vanquished Creatures
  Pikel (D:5)
  An orange demon (Abyss:1)
  A two-headed ogre (D:9)
  The ghost of Speissi the Covered, an average HEFi (D:5)
  A hungry ghost (D:7)
  A sky beast (D:9)
  3 orc warriors
  3 necrophages (D:9)
  An ice beast (D:5)
  A phantom (D:8)
  2 centaurs
  7 ogres
  A slave (D:5)
  3 giant frogs
  2 elf zombies (Ossuary)
  A big kobold (D:8)
  A scorpion (D:4)
  5 killer bees (D:7)
  6 wights
  A jelly (D:7)
  2 goliath beetles (D:7)
  2 crimson imps
  A centaur zombie (Ossuary)
  2 human zombies (Ossuary)
  2 hounds
  5 orc priests
  A quasit (D:5)
  A giant frog zombie (D:9)
  3 worker ants
  2 iguanas
  6 orc wizards
  A big kobold zombie (Ossuary)
  3 mummies (Ossuary)
  A hound zombie (D:9)
  10 adders
  A giant mite (D:8)
  6 adder zombies (Ossuary)
  3 giant geckos
  3 oozes
  24 orcs
  3 bat skeletons
  4 bat zombies (D:2)
  4 gnoll zombies (Ossuary)
  13 goblins
  13 hobgoblins
  3 jackals (D:2)
  6 quokkas
  19 bats
  3 giant cockroaches
  A giant cockroach zombie (D:5)
  A giant gecko zombie (D:8)
  6 giant newts
  6 goblin zombies
  4 hobgoblin zombies (Ossuary)
  3 jackal zombies (Ossuary)
  7 kobolds
  2 kobold zombies (Ossuary)
  3 quokka zombies
  13 rats
  3 rat zombies (Ossuary)
239 creatures vanquished.

Vanquished Creatures (collateral kills)
  A water moccasin (D:9)
  2 slaves (D:5)
  2 ogres
  Duvessa (D:5)
  A killer bee (D:8)
  Dowan (D:5)
  Robin (D:4)
  3 orcs
  2 hobgoblins (D:4)
  2 kobolds (D:8)
  2 goblins (D:4)
  A rat (D:1)
19 creatures vanquished.

Vanquished Creatures (others)
  A quasit (D:5)
  2 crimson imps (D:5)
  2 white imps (D:9)
  2 shadow imps
  An ufetubus (D:9)
  An orc (D:6)
9 creatures vanquished.

Grand Total: 267 creatures vanquished

Notes
Turn   | Place    | Note
--------------------------------------------------------------
     0 | D:1      | Speissi, the Draconian Chaos Knight, began the quest for the Orb.
     0 | D:1      | Reached XP level 1. HP: 19/19 MP: 1/1
   203 | D:1      | Reached XP level 2. HP: 26/26 MP: 2/2
   208 | D:1      | XOM: enchant monster (good)
   652 | D:1      | XOM: scenery: 1 doors close
   681 | D:1      | XOM: mild Summ miscast
   682 | D:1      | Noticed a spatial vortex
   767 | D:2      | Reached XP level 3. HP: 33/33 MP: 3/3
   806 | D:2      | Found a white marble altar of Elyvilon.
   898 | D:2      | You fall through a shaft!
   898 | D:3      | XOM: noise
   905 | D:3      | Reached skill level 4 in Fighting
   969 | D:2      | Found a blossoming altar of Fedhas.
  1090 | D:2      | Found an ancient bone altar of Kikubaaqudgha.
  1090 | D:2      | Noticed a vampire bat
  1092 | D:2      | XOM: mild Hex miscast
  1107 | D:2      | XOM: blink monster(s)
  1121 | D:2      | XOM: medium Erth miscast
  1453 | D:2      | XOM: god gift: 19 stones
  1545 | D:2      | XOM: god gift: club {god gift}
  1581 | D:3      | Reached XP level 4. HP: 31/40 MP: 4/4
  1583 | D:3      | XOM: 2-stop teleportation journey
  1630 | D:3      | XOM: vitrification
  1738 | D:3      | XOM: divination: detect creatures
  1864 | D:3      | XOM: silly message
  2141 | D:3      | XOM: give mutations
  2141 | D:3      | Gained mutation: You have an increased reservoir of magic (+10% MP). [Xom's grace]
  2141 | D:3      | Gained mutation: Your mind is acute. (Int +2) [Xom's grace]
  2141 | D:3      | Gained mutation: You have large cloven feet. [Xom's grace]
  2141 | D:3      | Gained mutation: Your tail ends in a poisonous barb. [Xom's grace]
  2271 | D:3      | XOM: divination: detect creatures
  2461 | D:3      | XOM: noise
  2637 | D:3      | Found a deep blue altar of Sif Muna.
  2693 | D:3      | XOM: harmless Fire miscast
  2741 | D:3      | XOM: god gift: 5 poisoned bolts
  2785 | D:4      | XOM: divination: detect creatures
  2804 | D:4      | Noticed Robin
  2809 | D:4      | Noticed an ogre
  2812 | D:4      | Killed Robin
  2826 | D:4      | Killed an ogre
  2826 | D:4      | Reached XP level 5. HP: 35/47 MP: 5/5
  2987 | D:4      | XOM: vitrification
  3041 | D:4      | XOM: divination: detect creatures
  3125 | D:4      | Found a staircase to the Ecumenical Temple.
  3175 | D:4      | Found Qavutuadgh's Weapon Shoppe.
  3192 | D:4      | XOM: 4-stop teleportation journey
  3755 | D:4      | XOM: give mutations
  3755 | D:4      | Gained mutation: You are covered in fur (AC +1). [Xom's grace]
  3755 | D:4      | Gained mutation: You have a considerably increased reservoir of magic (+20% MP). [Xom's grace]
  3755 | D:4      | Gained mutation: Your spells are a little harder to cast, but a little more powerful. [Xom's grace]
  4036 | D:4      | XOM: vitrification
  4143 | D:5      | Entered Level 5 of the Dungeon
  4158 | D:5      | Noticed an ice beast
  4241 | D:5      | Noticed Speissi's ghost (average HEFi)
  4242 | D:5      | Noticed Duvessa
  4243 | D:5      | Noticed Dowan
  4248 | D:5      | XOM: chaos upgrade
  4270 | D:5      | Killed Duvessa
  4274 | D:5      | Killed Speissi's ghost
  4274 | D:5      | Reached skill level 1 in Stealth
  4274 | D:5      | Reached XP level 6. HP: 38/55 MP: 7/7
  4279 | D:5      | Killed Dowan
  4450 | D:5      | Killed an ice beast
  4500 | D:5      | Noticed a slave
  4500 | D:5      | Noticed a slave
  4500 | D:5      | Noticed an ogre
  4501 | D:5      | Noticed Pikel
  4502 | D:5      | Noticed a slave
  4503 | D:5      | XOM: divination: magic mapping
  4504 | D:5      | Noticed a slave
  4509 | D:5      | XOM: cast spell 'Confusing Touch'
  4514 | D:5      | XOM: divination: detect creatures
  4515 | D:5      | Killed an ogre
  4515 | D:5      | Reached skill level 5 in Dodging
  4515 | D:5      | XOM: summons 4 friendly demons
  4520 | D:5      | XOM: summons friendly crimson imp
  4528 | D:5      | XOM: smoke on damage
  4538 | D:5      | Killed a slave
  4542 | D:5      | XOM: divination: detect creatures
  4558 | D:5      | XOM: fog
  4560 | D:5      | XOM: divination: magic mapping
  4576 | D:5      | XOM: enchant monster (good)
  4596 | D:5      | Found a sacrificial altar of Ru.
  4634 | D:4      | Reached skill level 5 in Fighting
  4634 | D:4      | Your scales start taking on an icy white colour.
  4634 | D:4      | Gained mutation: Your flesh is cold resistant. [draconian maturity]
  4634 | D:4      | Reached XP level 7. HP: 51/61 MP: 8/8
  4658 | D:5      | Found a glowing golden altar of the Shining One.
  4795 | D:5      | XOM: noise
  4852 | D:5      | XOM: god gift: jewelled ivory wand {god gift}
  4944 | D:5      | XOM: summons friendly quasit
  4978 | D:5      | Killed a slave
  5040 | D:5      | Noticed an ogre
  5046 | D:5      | XOM: divination: detect creatures
  5049 | D:5      | Killed an ogre
  5181 | D:5      | XOM: confuse monster(s)
  5187 | D:5      | XOM: confuse monster(s)
  5194 | D:5      | Killed a slave
  5207 | D:5      | XOM: confuse monster(s)
  5225 | D:5      | Killed Pikel
  5225 | D:5      | Reached skill level 5 in Polearms
  5225 | D:5      | Reached skill level 6 in Dodging
  5225 | D:5      | Reached XP level 8. HP: 69/69 MP: 9/9
  5225 | D:5      | a freed slave changed into a basilisk
  5225 | D:5      | XOM: polymorph freed slave -> basilisk
  5297 | D:6      | Noticed dithyrambik's ghost (experienced CeHu)
  5372 | D:6      | Noticed Grinder
  5374 | D:6      | XOM: cast spell 'Spider Form'
  5380 | D:6      | XOM: swap monsters
  5387 | D:6      | XOM: swap monsters
  5392 | D:6      | Found a basalt altar of Yredelemnul.
  5392 | D:6      | XOM: 2-stop teleportation journey
  5398 | D:6      | Reached skill level 7 in Dodging
  5442 | D:6      | XOM: 5-stop teleportation journey
  5459 | D:6      | XOM: swap monsters
  5463 | D:6      | XOM: medium Ice miscast
  5541 | D:5      | XOM: mild Tloc miscast
  5566 | D:5      | XOM: give mutations
  5566 | D:5      | Gained mutation: You can breathe flames. [Xom's mischief]
  5566 | D:5      | Lost mutation: You have a considerably increased reservoir of magic (+20% MP). [Xom's mischief]
  5566 | D:5      | Gained mutation: You occasionally shout uncontrollably at your foes. [Xom's mischief]
  5706 | D:6      | XOM: confusion
  5711 | D:6      | XOM: noise
  5739 | D:6      | Noticed Prince Ribbit
  5757 | D:6      | XOM: blink monster(s)
  5779 | D:7      | XOM: potion effect (berserk rage)
  5782 | D:7      | Reached skill level 1 in Unarmed Combat
  5786 | D:7      | Reached skill level 8 in Dodging
  5800 | D:7      | Found a sand-covered staircase.
  5817 | Ossuary  | Entered an ossuary
  5868 | Ossuary  | XOM: noise
  5892 | Ossuary  | XOM: divination: magic mapping
  5939 | Ossuary  | XOM: harmless Chrm miscast
  6019 | Ossuary  | Reached XP level 9. HP: 72/77 MP: 9/9
  6059 | Ossuary  | XOM: medium Necr miscast
  6200 | D:8      | XOM: summons friendly shadow imp
  6369 | D:7      | XOM: noise
  6652 | D:7      | Reached skill level 9 in Dodging
  6817 | D:7      | XOM: destruction
  6987 | D:7      | XOM: harmless Erth miscast
  7193 | D:8      | XOM: swap monsters
  7339 | D:8      | XOM: confusion (+ monsters)
  7541 | D:8      | XOM: give mutations
  7541 | D:8      | Lost mutation: You have an increased reservoir of magic (+10% MP). [Xom's mischief]
  7541 | D:8      | Gained mutation: Your magical capacity is low (-10% MP). [Xom's mischief]
  7541 | D:8      | Gained mutation: You possess an exceptional clarity of mind. [Xom's mischief]
  7541 | D:8      | Lost mutation: You are covered in fur (AC +1). [Xom's mischief]
  7544 | D:8      | XOM: enchant monster (bad)
  7700 | D:8      | XOM: god gift: 19 arrows of flame
  7796 | D:9      | XOM: noise
  7813 | D:9      | XOM: enchant monster (good)
  7892 | D:9      | Reached XP level 10. HP: 67/86 MP: 9/9
  7899 | D:9      | XOM: summons friendly white imp
  7906 | D:9      | XOM: blink monster(s)
  7911 | D:9      | XOM: noise
  7957 | D:9      | Found Gaxiw's Assorted Antiques.
  7988 | D:9      | XOM: chaos cloud
  7989 | D:9      | XOM: draining
  8015 | D:9      | XOM: polymorph something unseen -> two-headed ogre
  8021 | D:9      | XOM: summons 3 friendly demons
  8056 | D:9      | Reached skill level 10 in Dodging
  8184 | D:9      | Noticed Erolcha
  8276 | D:9      | Cast into the Abyss (Erolcha)
  8286 | Abyss:1  | Noticed a fire crab
  8297 | Abyss:1  | Noticed a red ugly thing
  8514 | Abyss:1  | Found a corrupted altar of Lugonu.
  8530 | Abyss:1  | Noticed a large abomination
  8536 | Abyss:1  | HP: 3/84 [small abomination (11)]
  8537 | Abyss:1  | Slain by a small abomination

Action                   |  1- 3 |  4- 6 |  7- 9 | 10-12 || total
-------------------------+-------+-------+-------+-------++-------
Melee: Spear             |   147 |   182 |    54 |       ||   383
       Trident           |       |       |   566 |   116 ||   682
       Unarmed           |       |       |    17 |       ||    17
 Abil: Breathe Frost     |       |       |    11 |     3 ||    14
Evoke: Wand              |       |       |     1 |       ||     1
  Use: Scroll            |       |     5 |     5 |     1 ||    11
       Potion            |       |     3 |     1 |     2 ||     6
 Stab: Paralysed         |       |     1 |     9 |       ||    10
       Petrifying        |       |     2 |       |       ||     2
       Confused          |       |       |     3 |       ||     3
       Distracted        |       |       |     3 |       ||     3
       Sleeping          |       |       |     7 |       ||     7
  Eat: Chunk             |     1 |     3 |     4 |     1 ||     9
       Pizza             |     1 |       |     1 |       ||     2
       Bread ration      |       |     1 |     1 |       ||     2
       Beef jerky        |       |     1 |     1 |       ||     2
       Meat ration       |       |       |     2 |     1 ||     3
       Royal jelly       |       |       |     1 |       ||     1
